[Event "Team 45 45 League T36"]
[Site "Internet Chess Club"]
[Date "2008.03.24"]
[Round "9"]
[White "MeansToAnEnd"]
[Black "squeege"]
[Result "0-1"]
[WhiteElo "999"]
[BlackElo "1145"]
[Opening "Bishop's opening"]
[ECO "C23"]
[Time "20:31:38"]
[TimeControl "2700+45"]

1. e4 e5 2. Bc4 Qe7 3. Nf3 Nf6 4. d3 g6 5. Bg5 Nc6 6. Nc3 Bg7 7. Nd5 Qd6 8. O-O
Nxd5 9. Bxd5 O-O 10. a3 Bf6 11. Qd2 Nd4 12. Qe1 Nxf3+ 13. Kh1 Nxe1 14. Rfxe1
Bxg5 15. b4 Qb6 16. c4 Qxf2 17. Rf1 Qd4 18. Rad1 d6 19. h3 Qe3 20. Rfe1 Qg3 21.
b5 Bxh3 22. gxh3 Be3 23. Rxe3 Qxe3 24. Bxb7 Rab8 25. Bd5 Qf3+ 26. Kh2 Qxd1 27.
Kg3 Kg7 28. Kh4 Qd2 29. a4 Qf4# {White checkmated} 0-1

[Event "Team 45 45 League T36"]
[Site "Internet Chess Club"]
[Date "2008.03.23"]
[Round "9"]
[White "merecat"]
[Black "strudel"]
[Result "0-1"]
[WhiteElo "1325"]
[BlackElo "1423"]
[Opening "Queen's pawn game, Darooha variation "]
[ECO "D02"]
[Time "13:59:00"]
[TimeControl "2700+45"]

1. d4 d5 2. Nf3 Nf6 3. Nbd2 e6 4. a3 b6 5. e3 Ba6 6. Bxa6 Nxa6 7. O-O Bd6 8. b3
c5 9. Bb2 Nb8 10. c4 O-O 11. Re1 Nbd7 12. dxc5 Nxc5 13. Qc2 h6 14. Rad1 Rc8 15.
e4 dxe4 16. Bxf6 Qxf6 17. Nxe4 Nxe4 18. Rxe4 Bb8 19. Qe2 Qc3 20. Re3 Qf6 21. g3
Rcd8 22. Red3 Qe7 23. b4 Rxd3 24. Rxd3 Rd8 25. Qd2 Rxd3 26. Qxd3 Bc7 27. Qe4 Qd8
28. Kg2 Qb8 29. Nd4 Bd6 30. Nb5 Bf8 31. h4 a6 32. Nc3 a5 33. bxa5 bxa5 34. Nb5
Qb6 35. Qf3 Qb8 36. Qc6 Qd8 37. Qc7 Qxc7 38. Nxc7 Bxa3 39. Na6 Kf8 40. c5 Ke7
41. c6 Kd8 42. Kf3 a4 43. Ke2 Bd6 44. Kd2 a3 45. Kc2 f5 46. Kb3 g5 47. c7+ Bxc7
48. Kxa3 g4 49. Nxc7 Kxc7 50. Kb3 e5 51. Kc3 Kd6 52. Kd3 Kd5 53. Ke3 Kc4 54. f4
gxf3 55. Kxf3 Kd3 56. g4 fxg4+ 57. Kxg4 e4 58. Kh5 e3 59. Kxh6 e2 60. h5 e1=Q
{White resigns} 0-1

[Event "Team 45 45 League T36"]
[Site "Internet Chess Club"]
[Date "2008.03.23"]
[Round "9"]
[White "betto2506"]
[Black "katabatico"]
[Result "1-0"]
[WhiteElo "1296"]
[BlackElo "1320"]
[Opening "Scotch game"]
[ECO "C45"]
[Time "15:00:15"]
[TimeControl "2700+45"]

1. e4 e5 2. Nf3 Nc6 3. d4 exd4 4. Nxd4 Bc5 5. Nxc6 Qf6 6. Qe2 dxc6 7. Nd2 Be6 8.
Nf3 O-O-O 9. c3 h6 10. e5 Qe7 11. Be3 Bf5 12. Bxc5 Qxc5 13. Qc4 Qe7 14. Be2 f6
15. Qf4 Bh7 16. O-O g5 17. Qb4 Qxb4 18. cxb4 fxe5 19. Nxe5 Rf8 20. Bg4+ Bf5 21.
Bxf5+ Rxf5 22. Rfe1 Ne7 23. Rad1 Nd5 24. a3 Rhf8 25. Ng6 Rd8 26. g3 Rf6 27. Ne5
Rdf8 28. Rd2 h5 29. Kg2 g4 30. Nd3 Rf3 31. Re4 Nf6 32. Rf4 Rxf4 33. Nxf4 Ne4 34.
Re2 Ng5 35. Nxh5 Rh8 36. Nf6 Nf3 37. Nxg4 Nh4+ 38. gxh4 {Black resigns} 1-0

[Event "Team 45 45 League T36"]
[Site "Internet Chess Club"]
[Date "2008.03.22"]
[Round "9"]
[White "rkrush"]
[Black "N20863"]
[Result "0-1"]
[WhiteElo "1222"]
[BlackElo "1314"]
[Opening "Sicilian defense"]
[ECO "B20"]
[Time "10:09:24"]
[TimeControl "2700+45"]

1. e4 c5 2. Bc4 Nc6 3. Nf3 Nf6 4. d3 e6 5. O-O d5 6. exd5 Nxd5 7. Re1 Be7 8. Nc3
Nxc3 9. bxc3 O-O 10. d4 Bf6 11. Bb2 Qb6 12. Rb1 Rd8 13. Qd2 cxd4 14. cxd4 Nxd4
15. Nxd4 Bxd4 16. Bxd4 Rxd4 17. Qc3 Qd6 18. h3 b6 19. Qf3 Rb8 20. Red1 Bb7 21.
Qh5 Qf4 22. Rxd4 Qxd4 23. Bd3 g6 24. Qg5 Qd5 25. Qg3 Rc8 26. c4 Qc6 27. Rd1 Ba6
28. Qh4 Qa4 29. Rd2 Qb4 30. Qg5 Kg7 31. Qe5+ f6 32. Qe3 Bxc4 33. Bxc4 Qxc4 34.
Rd7+ Kg8 35. Qh6 Qc1+ 36. Qxc1 Rxc1+ 37. Kh2 a5 38. Rd6 Rc2 39. Rxe6 Rxf2 40.
Rxb6 Rxa2 41. Rxf6 Kg7 42. Ra6 Kh6 43. Kg3 Kg5 44. Rc6 Ra3+ 45. Kf2 Rb3 46. Rc5+
Kf4 47. Rxa5 Rb2+ 48. Ke1 Rxg2 49. Ra4+ Kg5 50. h4+ Kh5 51. Kf1 Rg4 52. Ra7 h6
53. Kf2 Kxh4 54. Kf3 h5 55. Rg7 Kh3 56. Rh7 h4 57. Rg7 g5 58. Ra7 Rg3+ 59. Kf2
g4 60. Ra1 Kh2 61. Ra4 Rg2+ 62. Ke3 h3 63. Ra1 Rg1 64. Ra2+ Rg2 65. Ra1 Kg3 66.
Rf1 h2 67. Ke4 Rg1 68. Rf4 Re1+ 69. Kf5 h1=Q 70. Rxg4+ Kf3 71. Rf4+ Ke3 {White
resigns} 0-1

[Event "Team 45 45 League T36"]
[Site "Internet Chess Club"]
[Date "2008.03.22"]
[Round "9"]
[White "kjs110"]
[Black "smcintyr11"]
[Result "1-0"]
[WhiteElo "992"]
[BlackElo "1200"]
[Opening "Konstantinopolsky opening"]
[ECO "C44"]
[Time "12:56:35"]
[TimeControl "2700+45"]

1. e4 e5 2. Nf3 Nc6 3. g3 Nf6 4. d3 Bc5 5. Bg2 O-O 6. O-O d6 7. Nc3 Re8 8. Qe2
h6 9. a3 Nd4 10. Nxd4 Bxd4 11. Nb5 c5 12. c3 Bd7 13. Nxd6 Bg4 14. Bf3 Bxf3 15.
Qxf3 Qxd6 16. cxd4 cxd4 17. Qe2 Rac8 18. f4 Nd7 19. fxe5 Nxe5 20. Bf4 f6 21. Qh5
g5 22. Bxe5 fxe5 23. Qf7+ Kh8 24. Qxb7 Rb8 25. Qxa7 Rxb2 26. Rf7 Qg6 27. Raf1
Kg8 28. R1f6 Qh5 29. Rg7+ Kh8 30. Rh7+ Kg8 31. Qg7# {Black checkmated} 1-0

[Event "Team 45 45 League T36"]
[Site "Internet Chess Club"]
[Date "2008.03.24"]
[Round "9"]
[White "CMerli"]
[Black "kingcapture"]
[Result "1/2-1/2"]
[WhiteElo "2335"]
[BlackElo "2180"]
[Opening "King's Indian: Sämisch, 5...O-O"]
[ECO "E81"]
[Time "09:56:51"]
[TimeControl "2700+45"]

1. c4 g6 2. d4 Nf6 3. Nc3 Bg7 4. e4 d6 5. f3 O-O 6. Be3 c5 7. dxc5 dxc5 8. Qxd8
Rxd8 9. Bxc5 Nc6 10. Nd5 Nd7 11. Bxe7 Nxe7 12. Nxe7+ Kf8 13. Nd5 Bxb2 14. Rb1
Bg7 15. Nh3 Nc5 16. Nf2 Be6 17. Be2 Rac8 18. O-O b6 19. Rfc1 Nb7 20. Nd3 Na5 21.
N3f4 Rc5 22. Rb5 Rdc8 23. Rxc5 Rxc5 24. Kf2 b5 25. Nxe6+ fxe6 26. Ne3 Bd4 27.
Rd1 Bxe3+ 28. Kxe3 Nxc4+ 29. Kd4 Rc7 30. f4 Ke7 31. Rd3 a6 32. e5 Nb6 33. Rh3
Kd8 34. Ra3 Na4 35. g3 Rc2 36. Kd3 Rc5 37. Kd2 Ke7 38. Rd3 b4 39. a3 a5 40. axb4
axb4 41. Rb3 Nc3 42. Bf3 Rb5 43. Kd3 Rb8 44. Kc4 Na4 45. Rxb4 Rxb4+ 46. Kxb4 Nb6
47. Bc6 Kd8 48. Kc5 Kc7 49. h4 Nc8 50. Be8 Kd8 51. Bc6 Kc7 52. Be4 Ne7 53. g4
Kd7 54. g5 Nc8 55. Bc6+ Kc7 56. Bf3 Ne7 57. h5 gxh5 58. Bxh5 Ng6 59. f5 exf5 60.
e6 Ne7 61. Bd1 f4 62. Bf3 Nf5 63. Kd5 Nh4 64. Bg4 Ng6 65. Bd1 Nh4 66. Ke5 Ng6+
67. Kf6 Kd6 68. Bc2 f3 69. Bxg6 hxg6 70. e7 f2 71. e8=Q f1=Q+ 72. Kxg6 Kc5 73.
Kg7 Kb6 74. Qf7 Qd3 75. g6 Ka5 76. Kg8 Qd8+ 77. Qf8 Qd5+ 78. Kh7 Qd7+ 79. g7
Qh3+ 80. Kg6 Qg4+ 81. Kf7 Qf5+ 82. Ke7 Qe5+ 83. Kd7 Qd4+ 84. Kc8 Qc4+ 85. Kd7
Qd4+ 86. Ke8 Qa4+ 87. Ke7 Qe4+ 88. Kf7 Qc4+ 89. Kg6 Qg4+ 90. Kf7 Qc4+ 91. Ke8
Qa4+ 92. Ke7 Qe4+ 93. Kd6 Qd4+ 94. Kc6 Qe4+ 95. Kc5 Qe5+ 96. Kc6 Qe4+ 97. Kc7
Qc4+ 98. Kb7 Qb5+ 99. Kc8 Qc4+ 100. Kd7 Qd4+ {Game drawn by repetition} 1/2-1/2

[Event "Team 45 45 League T36"]
[Site "Internet Chess Club"]
[Date "2008.03.24"]
[Round "9"]
[White "LeSacAttack"]
[Black "killer21"]
[Result "1/2-1/2"]
[WhiteElo "2276"]
[BlackElo "2237"]
[Opening "Sicilian: Sozin, Benkö variation"]
[ECO "B57"]
[Time "13:57:09"]
[TimeControl "2700+45"]

1. e4 c5 2. Nf3 d6 3. d4 cxd4 4. Nxd4 Nf6 5. Nc3 Nc6 6. Bc4 Qb6 7. Nde2 e6 8.
O-O Be7 9. a3 a6 10. Kh1 O-O 11. Ba2 Ng4 12. Qe1 Bh4 13. g3 Be7 14. f3 Nf6 15.
Qf2 Qc7 16. Be3 Ne5 17. Bb6 Qc6 18. Kg2 Nc4 19. Bxc4 Qxc4 20. Nf4 Nd7 21. Rad1
Nxb6 22. Qxb6 Qc6 23. Qb4 b5 24. Rd3 Qc7 25. Rfd1 Bb7 26. Qd4 Rac8 27. Qe3 Rfd8
28. h4 Bf6 29. R1d2 Qc6 30. Nfe2 Be5 31. g4 Kh8 32. f4 Bf6 33. g5 Be7 34. Nd4
Qc4 35. f5 d5 36. exd5 b4 37. axb4 Bxb4 38. f6 Bxd5+ 39. Kh3 gxf6 40. Qf4 f5 41.
Qe5+ Kg8 42. h5 Bxc3 43. bxc3 Qc7 44. Qf6 Qf4 45. h6 Qg4+ 46. Kh2 Qh5+ 47. Kg3
Qg6 48. Nxf5 exf5 49. Kf2 Qxf6 50. gxf6 Rc5 51. c4 Rxc4 52. Rxd5 Rxd5 53. Rxd5
Rxc2+ 54. Ke3 Rc8 55. Kf4 Kf8 56. Kxf5 Ke8 57. Ra5 Rc6 58. Kg5 Kd7 59. Re5 Re6
60. Rd5+ Kc7 61. Rc5+ Rc6 62. Re5 Kd6 63. Re7 Rc5+ 64. Kg4 Rc7 65. Re8 Rc4+ 66.
Kg5 Rc5+ 67. Kg4 a5 68. Kf4 a4 69. Ra8 Rh5 70. Kg4 Rxh6 71. Kg5 Rh1 72. Ra6+ Kd5
73. Ra5+ Kc6 74. Ra6+ Kb5 75. Ra7 h6+ 76. Kf5 Rf1+ 77. Ke5 Kb4 78. Rxf7 a3 79.
Ra7 h5 80. f7 h4 81. Ke6 h3 82. Rb7+ Kc3 83. Ra7 Kb2 84. Rb7+ Kc2 85. Rc7+ Kd1
86. Rd7+ Kc1 87. Rc7+ Kb1 88. Rb7+ Ka2 89. Rb8 h2 90. Rh8 Kb1 91. Rxh2 a2 92.
Rxa2 Kxa2 93. Ke7 {Game drawn by mutual agreement} 1/2-1/2

[Event "Team 45 45 League T36"]
[Site "Internet Chess Club"]
[Date "2008.03.23"]
[Round "9"]
[White "Terte"]
[Black "izit"]
[Result "1/2-1/2"]
[WhiteElo "2147"]
[BlackElo "2238"]
[Opening "Sicilian: Alapin's variation (2.c3)"]
[ECO "B22"]
[Time "09:00:12"]
[TimeControl "2700+45"]

1. e4 c5 2. c3 d6 3. d4 Nf6 4. dxc5 Nc6 5. Bc4 Nxe4 6. Bxf7+ Kxf7 7. Qd5+ e6 8.
Qxe4 d5 9. Qf3+ Qf6 10. Be3 Ne5 11. Qxf6+ gxf6 12. b4 Rg8 13. g3 a5 14. f4 Nc4
15. Bf2 b6 16. Nd2 Na3 17. Rc1 Ba6 18. Ngf3 bxc5 19. bxa5 Bc4 20. Nb3 Bxb3 21.
axb3 Rxa5 22. Kd2 Bd6 23. Ke2 Nb5 24. Nd2 Ra2 25. c4 dxc4 26. bxc4 Nd4+ 27. Bxd4
cxd4 28. c5 Bc7 29. Ra1 Rga8 30. Rxa2 Rxa2 31. Kd3 e5 32. f5 Ke7 33. Rc1 Kd7 34.
c6+ Ke7 35. g4 e4+ 36. Nxe4 Rxh2 37. Kxd4 Rh4 38. Rb1 Rxg4 39. Rb7 Kd8 40. Kd5
Rf4 41. Nd6 h5 42. Ra7 Rd4+ 43. Kxd4 Bb6+ 44. Kd5 Bxa7 45. Ne4 h4 46. Nxf6 Bb8
47. Ke6 h3 48. Ng4 h2 49. Nf2 Kc7 50. Kd5 Kd8 51. f6 Ke8 52. Ke6 Kf8 53. Nh1
{Game drawn by mutual agreement} 1/2-1/2

[Event "Team 45 45 League T36"]
[Site "Internet Chess Club"]
[Date "2008.03.22"]
[Round "9"]
[White "Qui"]
[Black "valipop"]
[Result "1-0"]
[WhiteElo "2005"]
[BlackElo "2131"]
[Opening "Queen's pawn game"]
[ECO "A45"]
[Time "09:39:11"]
[TimeControl "2700+45"]

1. d4 Nf6 2. g3 g6 3. Bg2 d5 4. c3 Bg7 5. Nf3 O-O 6. Bf4 Nh5 7. Be3 Nd7 8. Qc1
Re8 9. O-O c6 10. Bh6 Bh8 11. Re1 e5 12. dxe5 Nxe5 13. Be3 Bf5 14. Nbd2 Qd7 15.
Nxe5 Bxe5 16. Bd4 Bxd4 17. cxd4 Rad8 18. Qc3 Nf6 19. e3 h5 20. Nf3 Be4 21. Ne5
Qf5 22. f3 Bc2 23. b3 Nd7 24. g4 hxg4 25. fxg4 Qg5 26. Nxd7 Be4 27. Bxe4 Rxe4
28. Ne5 f6 29. Nf3 Rxg4+ 30. Kh1 Qf5 31. Nd2 Kg7 32. Rg1 Rh4 33. Rg2 Re8 34. Rf1
Qh5 35. Qd3 Rh3 36. Rf3 g5 37. Rxh3 Qxh3 38. Rg3 Qh5 39. Qf1 Rh8 40. Rg2 Re8 41.
Qe2 Qg6 42. Qf3 Qd3 43. Nf1 Kg6 44. Rd2 Qb1 45. Kg2 f5 46. Ng3 g4 47. Qf4 Rf8
48. Qe5 Qc1 49. Rf2 Qb1 50. Qe6+ Rf6 51. Qg8+ Kh6 52. Qh8+ Kg6 53. Qh5+ {Black
resigns} 1-0